 Dungeon Crawl Stone Soup version 0.27-a0-1332-g84bddb5ca7 (webtiles) character file.

Game seed: 6843127296810234996

348 pyrow613 the Skirmisher (level 6, -6/53 HPs)
             Began as a Demigod Fighter on June 25, 2021.
             Mangled by a two-headed ogre (14 damage)
             ... on level 5 of the Dungeon.
             The game lasted 00:07:57 (4182 turns).

pyrow613 the Skirmisher (Demigod Fighter)           Turns: 4182, Time: 00:07:58

Health: -6/53      AC:  9    Str: 31    XL:     6   Next: 10%
Magic:  8/8        EV:  8    Int: 10    God:
Gold:   263        SH: 10    Dex: 13    Spells: 5/5 levels left

rFire    . . .     SeeInvis .   a - +0 war axe
rCold    + . .     Faith    .   c - +0 kite shield
rNeg     . . .     Spirit   .   b - +0 scale mail
rPois    .         Reflect  .   n - +0 helmet
rElec    .         Harm     .   s - +0 cloak
rCorr    .         Rampage  .   (no gloves)
Will     .....                  (no boots)
Stlth    ..........             (no amulet)
HPRegen  0.17/turn              l - +6 ring of strength
MPRegen  0.11/turn              m - ring of protection from cold

@: no status effects
A: high mp 1, forlorn
a: no special abilities


You were on level 5 of the Dungeon.
You visited 1 branch of the dungeon, and saw 5 of its levels.

You collected 263 gold pieces.

Inventory:

Hand Weapons
 a - a +0 war axe (weapon)
 t - a +2 dagger of venom
Missiles
 e - 19 poisoned darts (quivered)
Armour
 b - a +0 scale mail (worn)
 c - a +0 kite shield (worn)
 n - a +0 helmet (worn)
 s - a +0 cloak (worn)
Jewellery
 l - a +6 ring of strength (left hand)
 m - a ring of protection from cold (right hand)
Wands
 p - a wand of flame (32)
 r - a wand of paralysis (9)
Scrolls
 f - a scroll of enchant armour {unknown}
 g - 2 scrolls of fog {unknown}
 h - 4 scrolls of teleportation {unknown}
 k - a scroll of noise {unknown}
 q - 3 scrolls of identify {unknown}
Potions
 d - a potion of heal wounds {unknown}
 i - 2 potions of attraction {unknown}
 j - 2 potions of degeneration {unknown}
 u - a potion of curing {unknown}


   Skills:
 * Level 4.3 Fighting
 * Level 3.7 Axes
 + Level 3.6 Armour
 - Level 0.3 Dodging
 + Level 3.5 Shields


You had 5 spell levels left.
You didn't know any spells.
Your spell library was empty.

Dungeon Overview and Level Annotations

Branches:
Dungeon (5/15)             Temple (0/1) D:4

Shops:
D:3 *   D:5 *

Annotations:
D:4 Edmund


Innate Abilities, Weirdness & Mutations

Your attributes grow dramatically as you level up.
You have an increased reservoir of magic. (+10% MP)
You shall have no god before yourself.


Message History

The two-headed ogre shouts in stereo!
Throw: 23 darts (poison)
Press: ? - help, Q - select action, (/) - cycle Shift-Dir - straight line, f/p - two-headed ogre
Aim: a two-headed ogre, wielding a +0 giant club and a +0 dire flail (lightly wounded, poisoned, 74% to hit)
You throw a poisoned dart.
The poisoned dart hits the two-headed ogre.
The two-headed ogre looks even sicker.
The two-headed ogre is lightly wounded.
Throw: 22 darts (poison)
Press: ? - help, Q - select action, (/) - cycle Shift-Dir - straight line, f/p - two-headed ogre
Aim: a two-headed ogre, wielding a +0 giant club and a +0 dire flail (lightly wounded, very poisoned, 74% to hit)
You throw a poisoned dart.
The poisoned dart barely misses the two-headed ogre.
Throw: 21 darts (poison)
Press: ? - help, Q - select action, (/) - cycle Shift-Dir - straight line, f/p - two-headed ogre
Aim: a two-headed ogre, wielding a +0 giant club and a +0 dire flail (lightly wounded, very poisoned, 74% to hit)
You throw a poisoned dart.
The poisoned dart hits the two-headed ogre.
The two-headed ogre looks even sicker.
The two-headed ogre is lightly wounded.
Throw: 20 darts (poison)
Press: ? - help, Q - select action, (/) - cycle Shift-Dir - straight line, f/p - two-headed ogre
Aim: a two-headed ogre, wielding a +0 giant club and a +0 dire flail (lightly wounded, very poisoned, 74% to hit)
You throw a poisoned dart.
The poisoned dart hits the two-headed ogre.
The two-headed ogre looks as sick as possible!
The two-headed ogre is lightly wounded.
You barely miss the two-headed ogre.
The two-headed ogre is lightly wounded.
The two-headed ogre hits you with a +0 giant club!
The two-headed ogre hits you with a +0 dire flail.
You hit the two-headed ogre.
The two-headed ogre is lightly wounded.
The two-headed ogre hits you with a +0 giant club!
The two-headed ogre hits you with a +0 dire flail!
* * * LOW HITPOINT WARNING * * *
You slash the two-headed ogre!
The two-headed ogre is heavily wounded.
The two-headed ogre hits you with a +0 giant club!
You die...

...............
...............
................
................
................
.#.....≈.......
..#.#.........#.#
.....§.∩.#...... ##
.#.#....@..# ..
#.#...≈O..#. #.
#.............
###..##.#.#..###..#
..........#.(# .#
.....##.###..## #
.......<....(..
.#..........(..
#...#####...###


You could see a two-headed ogre (very poisoned).

Vanquished Creatures
  Menkaure (D:4)
  A phantom (D:4)
  Robin (D:3)
  4 adders
  A worm (D:2)
  4 dart slugs
  2 bats
  5 endoplasms
  2 giant cockroaches
  20 goblins
  8 hobgoblins
  4 jackals
  5 quokkas
  10 ball pythons
  4 frilled lizards
  4 kobolds
  2 rats
78 creatures vanquished.

Vanquished Creatures (others)
  A fungus (D:3)
  2 plants (D:2)
3 creatures vanquished.

Grand Total: 81 creatures vanquished

Notes
Turn   | Place    | Note
-------+----------+-------------------------------------------
     0 | D:1      | pyrow613 the Demigod Fighter began the quest for the Orb.
     0 | D:1      | Reached XP level 1. HP: 18/18 MP: 3/3
   152 | D:1      | Reached XP level 2. HP: 23/25 MP: 4/4
   662 | D:1      | Reached skill level 3 in Fighting
   974 | D:2      | Reached XP level 3. HP: 30/31 MP: 5/5
  2114 | D:3      | Found Yraridu's General Store.
  2118 | D:3      | Noticed Robin
  2123 | D:3      | Reached XP level 4. HP: 25/38 MP: 6/6
  2129 | D:3      | Killed Robin
  3050 | D:4      | Found a staircase to the Ecumenical Temple.
  3074 | D:4      | Noticed Edmund
  3431 | D:4      | Noticed a phantom
  3438 | D:4      | Killed a phantom
  3439 | D:4      | Reached XP level 5. HP: 33/46 MP: 7/7
  3564 | D:4      | Reached skill level 4 in Fighting
  3573 | D:4      | Noticed Menkaure
  3581 | D:4      | Killed Menkaure
  3582 | D:4      | Reached XP level 6. HP: 53/53 MP: 8/8
  3735 | D:4      | Noticed a +0 hand axe
  3735 | D:4      | Noticed a +0 hand axe
  4165 | D:5      | Entered Level 5 of the Dungeon
  4165 | D:5      | Found Oddih's Elemental Accessories.
  4174 | D:5      | Noticed a two-headed ogre
  4182 | D:5      | Mangled by a two-headed ogre

Illustrated notes

Levels and vault maps discovered:
D:1:      dpeg_arrival_windows_large_door, layout_rooms,
          hellmonk_ecumenical_altar_blasted, serial_glass, glass_columns_a,
          glass_columns_c, item_on_display_a, kennysheep_doodads
D:2:      layout_loops_ring, serial_forest, infiniplex_forest_clump_long,
          infiniplex_forest_end_1, infiniplex_forest_zigzag_1,
          infiniplex_forest_straight_4, infiniplex_forest_lined_4_way,
          infiniplex_forest_side_room, infiniplex_forest_end_1,
          infiniplex_forest_straight_2, infiniplex_forest_clump_large
D:3:      layout_loops_cross, serial_shops, shop_fountains,
          minmay_shallow_snake_nest, uniq_robin
D:4:      layout_basic, dancing_weapons_uskayaw, general_overflow_altar,
          gammafunk_temple_overflow_wave, temple_fountains, uniq_menkaure,
          uniq_edmund
D:5:      layout_basic, chei_slow_surprise, lemuel_round_altar,
          nemelex_diamond_rough_becter, nicolae_elemental_shop

Skill      XL: |  1  2  3  4  5 |
---------------+----------------+-----
Axes           | 2 3 |  3.7
Armour         | 3 |  3.6
Fighting       | 3 4 |  4.3
Shields        | 3 |  3.5
Dodging        | |  0.3

Action                   |  1- 3 |  4- 6 || total
-------------------------+-------+-------++-------
Melee: War axe           |   120 |    79 ||   199
Throw: Dart              |       |     5 ||     5
Evoke: Wand              |       |     9 ||     9
  Use: Potion            |       |     1 ||     1
Armor: Scale mail        |    53 |    19 ||    72
Dodge: Dodged            |    48 |    25 ||    73
Block: Kite shield       |    72 |    65 ||   137

Table legend: (Time is in decaauts)
 A = Elapsed time spent in this place.
 B = Non-inter-level travel time spent in this place.
 C = Inter-level travel time spent in this place.
 D = Time resting spent in this place.
 E = Time spent auto-exploring this place.
 F = Levels seen in this place.
 G = Mean time per level.
                   A        B        C        D        E       F      G
               +--------+--------+--------+--------+--------+-----+--------+
         Total |   4306 |   4170 |    136 |    951 |   2570 |   5 |  861.2 |
       Dungeon |   4306 |   4170 |    136 |    951 |   2570 |   5 |  861.2 |
               +--------+--------+--------+--------+--------+-----+--------+

Top non-repeatable levels by time:
     D:3: 1307 daAuts
     D:4: 1081 daAuts
     D:2: 988 daAuts
     D:1: 909 daAuts
     D:5: 18 daAuts
